 Dungeon Crawl Stone Soup version 0.18.1-48-g4cf74bf (webtiles) character file.

70 striepan the Chopper (level 4, -5/40 HPs)
             Began as a Minotaur Gladiator on Sept 1, 2016.
             Killed by divine providence
             ... invoked by an orc priest
              (13 damage)
             ... on level 3 of the Dungeon.
             The game lasted 00:07:17 (1327 turns).

striepan the Chopper (Minotaur Gladiator)           Turns: 1327, Time: 00:07:18

Health: -5/40      AC:  7    Str: 21    XL:     4   Next: 3%
Magic:  0/3        EV: 10    Int:  3    God:
Gold:   79         SH:  3    Dex: 10    Spells: 0 memorised, 3 levels left

rFire  . . .     SeeInvis .     a - +0 war axe
rCold  . . .     Gourm    .     l - +0 scale mail
rNeg   . . .     Faith    .     i - +0 buckler
rPois  .         Spirit   +     c - +0 hat
rElec  .         Dismiss  .     (no cloak)
rCorr  .         Reflect  .     k - +0 pair of gloves
SustAt .         Harm     .     (no boots)
MR     .....                    h - amulet of guardian spirit
Stlth  ..........               (no ring)
                                (no ring)

@: not resistant to hostile enchantments, extremely unstealthy
A: retaliatory headbutt, horns 2, blurry vision 1, dopey 1, robust 1
a: no special abilities


You were on level 3 of the Dungeon.
You were not hungry.

You visited 1 branch of the dungeon, and saw 3 of its levels.

You collected 79 gold pieces.

Inventory:

Hand Weapons
 a - a +0 war axe (weapon)
Missiles
 d - 3 throwing nets
 g - 69 stones (quivered)
Armour
 b - a +0 leather armour
 c - a +0 hat (worn)
 i - a +0 buckler (worn)
 k - a +0 pair of gloves (worn)
 l - a +0 scale mail (worn)
 o - a +0 chain mail
Jewellery
 h - an amulet of guardian spirit (around neck)
Scrolls
 e - 4 scrolls of identify {unknown}
 m - a scroll of amnesia {unknown}
 s - 2 scrolls of noise {unknown}
Potions
 p - a potion of agility {unknown}
 q - a potion of haste {unknown}
 t - a potion of lignification {unknown}
Comestibles
 f - a bread ration
 j - 2 meat rations


   Skills:
 - Level 2.4 Fighting
 + Level 5.9 Axes
 - Level 2.0 Throwing
 - Level 3.2 Dodging


You had 3 spell levels left.
You didn't know any spells.

Dungeon Overview and Level Annotations

Branches:
Dungeon (3/15)

Altars:
Nemelex Xobeh

Annotations:
D:2 Sigmund


Innate Abilities, Weirdness & Mutations

You reflexively headbutt those who attack you in melee.
You have a pair of horns on your head.
Scrolls take you a little longer to read.
You are dopey. (Int -2)
You are robust (+10% HP).


Message History

You barely miss the orc priest. Your headbutt misses the orc priest.
The orc priest barely misses you.
The orc hits you from afar with a trident.
* * * LOW HITPOINT WARNING * * *
You barely miss the orc priest. Your headbutt misses the orc priest.
The orc priest calls down the wrath of Beogh upon you.
Pain shoots through your body!
* * * LOW HITPOINT WARNING * * *
The orc hits you from afar with a trident.
* * * LOW HITPOINT WARNING * * *
A bat and a worm come into view.
You feel better.
The orc priest hits you but does no damage.
The orc barely misses you. The orc priest hits you with a dagger.
* * * LOW HITPOINT WARNING * * *
The orc closely misses you.
The orc priest mumbles some strange prayers to Beogh against you.
Beogh smites you!
You die...

### ..#
#####.#
.....##
wb#..%###.#
#o#..?.>..#
#o#.@.#####
###.#........#
#...o.#.####.#
#.#<..#.# #
#...#.#
#$.##.# #..#
.. #.[# ##
#...


You could see an orc priest.

Vanquished Creatures
  2 adders
  2 oozes
  A dart slug (D:2)
  A giant gecko (D:2)
  A giant cockroach (D:2)
  3 goblins (D:1)
  8 hobgoblins
  6 bats
  4 giant newts
  8 kobolds
  5 rats
41 creatures vanquished.

Notes
Turn   | Place    | Note
--------------------------------------------------------------
     0 | D:1      | striepan the Minotaur Gladiator began the quest for the Orb.
     0 | D:1      | Reached XP level 1. HP: 18/18 MP: 0/0
    33 | D:1      | Reached skill level 4 in Axes
    37 | D:1      | Reached XP level 2. HP: 4/25 MP: 1/1
   294 | D:1      | Found a sparkling altar of Nemelex Xobeh.
   473 | D:1      | Gained mutation: Scrolls take you a little longer to read. [potion of mutation]
   473 | D:1      | Gained mutation: You are dopey. (Int -2) [potion of mutation]
   473 | D:1      | Gained mutation: You are robust (+10% HP). [potion of mutation]
   688 | D:1      | Reached skill level 5 in Axes
   780 | D:1      | Reached XP level 3. HP: 33/33 MP: 2/2
  1169 | D:2      | Reached XP level 4. HP: 40/40 MP: 3/3
  1296 | D:2      | Noticed Sigmund
  1327 | D:3      | Killed from afar by an orc priest

Skill      XL: |  1  2 |
---------------+-------+-----
Axes           | 4 5 |  5.9
Fighting       | |  2.4
Throwing       | |  2.0
Dodging        | |  3.2

Action                   |  1- 3 |  4- 6 || total
-------------------------+-------+-------++-------
Melee: War axe           |    66 |     2 ||    68
       Headbutt          |    11 |       ||    11
Throw: Throwing net      |     1 |       ||     1
       Stone             |    10 |     5 ||    15
  Use: Potion            |     2 |     1 ||     3
  Eat: Chunk             |     1 |       ||     1
Armor: Leather armour    |     3 |       ||     3
       Scale mail        |    32 |     1 ||    33
Dodge: Dodged            |    45 |     3 ||    48
Block: Buckler           |     9 |       ||     9
